 Dungeon Crawl Stone Soup version 0.23.2-33-g5129a83184 (webtiles) character file.

Game seed: 9208646587557067805

3682 Kold the Destroyer (level 9, -8/71 HPs)
             Began as a Pale Draconian Conjurer on July 10, 2019.
             Was a Follower of Vehumet.
             Mangled by a yak (14 damage)
             ... on level 10 of the Dungeon.
             The game lasted 00:24:12 (9837 turns).

Kold the Destroyer (Pale Draconian Conjurer)        Turns: 9837, Time: 00:24:13

Health: -8/71      AC:  9    Str: 17    XL:     9   Next: 90%
Magic:  2/15       EV: 14    Int: 20    God:    Vehumet [*.....]
Gold:   420        SH:  0    Dex: 11    Spells: 5/16 levels left

rFire    + . .     SeeInvis .   q - +2 hand axe (flame)
rCold    . . .     Gourm    .   (no shield)
rNeg     . . .     Faith    .   (armour unavailable)
rPois    .         Spirit   .   (helmet restricted)
rElec    .         Reflect  .   w - +1 cloak
rCorr    .         Harm     .   (no gloves)
MR       .....                  (no boots)
Stlth    ++........             (no amulet)
HPRegen  0.21/turn              E - ring of protection from fire
MPRegen  0.14/turn              A - +2 ring of intelligence

@: mighty
A: breathe steam, unfitting armour, cold-blooded, AC +7
a: Breathe Steam, Renounce Religion


You were on level 10 of the Dungeon.
You worshipped Vehumet.
Vehumet was aware of your devotion.
You were not hungry.

You visited 2 branches of the dungeon, and saw 11 of its levels.
You also visited: Sewer.

You collected 420 gold pieces.

Inventory:

Hand Weapons
 c - a +0 dagger of venom
 q - a +2 hand axe of flaming (weapon)
 C - a +1 hand axe of electrocution
 H - a +2 dagger of freezing
Armour
 w - a +1 cloak (worn)
Jewellery
 h - an uncursed ring of stealth
 v - the amulet "Wuicy" {Inacc rN+}
   (You found it on level 4 of the Dungeon)

   [amulet of inaccuracy]

   It reduces the accuracy of all your attacks.
   It protects you from negative energy.
 x - a +3 ring of dexterity
 A - a +2 ring of intelligence (right hand)
 D - a +3 ring of strength
 E - a ring of protection from fire (left hand)
Wands
 f - a wand of polymorph (15)
 z - a wand of flame (5)
 B - a wand of digging (2)
Scrolls
 d - 4 scrolls of remove curse
 e - 3 scrolls of magic mapping {unknown}
 g - 3 scrolls of teleportation {unknown}
 i - 3 scrolls of fear {unknown}
 l - a scroll of fog {unknown}
 m - a scroll of amnesia {unknown}
 o - 5 scrolls of identify {unknown}
 p - 2 scrolls of enchant weapon {unknown}
 y - a scroll of blinking {unknown}
 G - 3 scrolls of enchant armour
Potions
 a - 4 potions of brilliance
 j - a potion of lignification {unknown}
 k - a potion of ambrosia {unknown}
 n - a potion of might
 r - a potion of curing
 s - 2 potions of agility {unknown}
 u - 3 potions of flight
 F - 2 potions of degeneration {unknown}
Comestibles
 b - 8 rations
 I - 5 chunks of flesh


   Skills:
 - Level 4.0 Fighting
 + Level 5.7 Dodging
 - Level 2.0 Stealth
 - Level 4.0 Spellcasting
 - Level 10.2 Conjurations
 - Level 6.0 Hexes


You had 5 spell levels left.
You knew the following spells:

 Your Spells              Type           Power        Failure   Level  Hunger
a - Magic Dart            Conj           ####         1%          1    None
b - Searing Ray           Conj           #####.       1%          2    #......
c - Iskenderun's Mystic   Conj           #####...     1%          4    ####...
d - Fulminant Prism       Conj/Hex       #####.....   4%          4    ####...

Your spell library contained the following spells:

 Spells                   Type           Power        Failure   Level  Hunger
 Freeze                   Ice            #...         13%         1    None
 Dazzling Spray           Conj/Hex       #####.       1%          3    ###....
 Beastly Appendage        Tmut           #.....       13%         1    None
 Force Lance              Conj/Tloc      ###.....     16%         4    ####...
 Sticks to Snakes         Tmut           #.......     19%         2    #......
 Spider Form              Tmut/Pois      #.........   36%         3    ###....
 Ice Form                 Ice/Tmut       #.......     77%         4    ####...
 Blade Hands              Tmut           #.........   98%         5    ######.


Dungeon Overview and Level Annotations

Branches:
Dungeon (10/15)            Temple (1/1) D:4
   Lair: D:8-11         Orc: D:9-12

Altars:
Ashenzari
Cheibriados
Dithmenos
Elyvilon
Fedhas
Gozag
Hepliaklqana
Kikubaaqudgha
Makhleb
Nemelex Xobeh
Okawaru
Qazlal
Ru
Sif Muna
Trog
Uskayaw
Vehumet
Wu Jian
Xom
Yredelemnul
Zin
The Shining One

Shops:
D:5 [

Annotations:
D:4 Dowan, Duvessa, Menkaure
D:7 Prince Ribbit
D:9 bee vault


Innate Abilities, Weirdness & Mutations

You can breathe blasts of scalding, opaque steam.
Your pale cyan-grey scales are hard. (AC +7)
You cannot fit into any form of body armour.
You are cold-blooded and may be slowed by cold attacks.


Message History

You open the door. The yak gores you but does no damage.
The dream sheep shake their wool and sparkle.
You feel drowsy...
You fall asleep.
The yak barely misses you. x2
The yak gores you!
You wake up.
* * * LOW HITPOINT WARNING * * *
You feel much better. The yak gores you but does no damage.
There is an open door here.
There is an escape hatch in the floor here.
The yak gores you.
The dream sheep ruffle their wool and motes of dream dust sparkle, to no effect.
You slide downwards.
The hatch slams shut behind you.
A bullfrog and an ogre come into view.
Found a shattered altar of Ashenzari.
You barely miss the yak.
The yak is severely wounded.
The yak gores you!
* * * LOW HITPOINT WARNING * * *
The yak gores you!
You die...

..# _.#
..# ####
#..##
#...##
#....##
#@Y...#
#......#
#......F#
##.O#####
.## .# .P
P.


You could see a yak, an ogre (sleeping) and a bullfrog (sleeping).

Vanquished Creatures
  A two-headed ogre (D:6)
  A hippogriff (D:8)
  A water moccasin (D:8)
  An orc warrior (D:8)
  3 sky beasts
  An eye of draining (D:8)
  An ice beast (D:6)
  3 ogres
  2 centaurs
  A crocodile (D:9)
  2 big kobolds
  5 bullfrogs
  2 scorpions
  3 howler monkeys
  5 crimson imps
  An orc priest (D:4)
  4 orc wizards
  2 hounds
  3 centaur skeletons
  Jessica (D:3)
  2 iguanas
  4 worker ants
  Natasha (thrice) (D:3)
  A hound zombie (D:8)
  A hound skeleton (D:8)
  5 gnolls
  7 adders
  A howler monkey skeleton (D:8)
  7 river rats
  2 shadow imps
  3 worms
  2 leopard geckos
  24 orcs
  2 bat zombies (D:3)
  4 giant cockroaches
  10 goblins
  9 hobgoblins
  4 jackals
  25 kobolds
  A quokka (D:9)
  6 ball pythons (Sewer)
  4 bats
  12 frilled lizards
  A leopard gecko skeleton (D:4)
  A quokka skeleton (D:8)
  A quokka zombie (D:5)
  27 rats
  A fungus (D:2)
213 creatures vanquished.

Vanquished Creatures (others)
  A fulminant prism (D:8)
  2 toadstools (D:2)
3 creatures vanquished.

Grand Total: 216 creatures vanquished

Notes
Turn   | Place    | Note
-------+----------+-------------------------------------------
     0 | D:1      | Kold the Draconian Conjurer began the quest for the Orb.
     0 | D:1      | Reached XP level 1. HP: 14/14 MP: 3/3
   304 | D:1      | Reached XP level 2. HP: 20/20 MP: 0/5
   310 | D:1      | Learned a level 2 spell: Searing Ray
   871 | D:1      | Reached XP level 3. HP: 26/26 MP: 6/6
  1592 | D:2      | Found a sacrificial altar of Ru.
  2048 | D:3      | Noticed Natasha
  2054 | D:3      | Killed Natasha
  2054 | D:3      | Reached XP level 4. HP: 33/33 MP: 1/8
  2065 | D:3      | Learned a level 4 spell: Iskenderun's Mystic Blast
  2106 | D:3      | Noticed Natasha
  2120 | D:3      | Killed Natasha
  2120 | D:3      | Reached skill level 5 in Conjurations
  2311 | D:3      | Noticed Jessica
  2318 | D:3      | Killed Jessica
  2318 | D:3      | Reached XP level 5. HP: 35/38 MP: 2/10
  2530 | D:3      | Found an ancient bone altar of Kikubaaqudgha.
  2614 | D:3      | Noticed Natasha
  2625 | D:3      | Killed Natasha
  2990 | D:4      | Noticed Menkaure
  3076 | D:4      | Found a stormy altar of Qazlal.
  3134 | D:4      | Reached skill level 6 in Conjurations
  3134 | D:4      | Reached XP level 6. HP: 45/45 MP: 5/12
  3169 | D:4      | Found a glowing drain.
  3225 | Sewer    | Entered a sewer
  3938 | Sewer    | Learned a level 4 spell: Fulminant Prism
  4188 | D:4      | Reached skill level 7 in Conjurations
  4188 | D:4      | Reached skill level 1 in Hexes
  4266 | D:4      | Your scales start taking on a pale cyan-grey colour.
  4266 | D:4      | Reached XP level 7. HP: 49/50 MP: 7/13
  4331 | D:4      | Got a sparkling tin amulet
  4414 | D:4      | Identified the amulet "Wuicy" {Inacc rN+} (You found it on
                  | level 4 of the Dungeon)
  4442 | D:4      | Found a staircase to the Ecumenical Temple.
  4712 | D:4      | Noticed Duvessa
  4715 | D:4      | Noticed Dowan
  4717 | Temple   | Entered the Ecumenical Temple
  4813 | D:5      | Entered Level 5 of the Dungeon
  4847 | D:5      | HP: 1/50 [ogre/+0 giant club (12)]
  5190 | D:4      | Reached skill level 8 in Conjurations
  5253 | D:5      | Found Unaosir's Armour Shop.
  5922 | D:5      | Reached XP level 8. HP: 57/57 MP: 4/14
  5968 | D:5      | Found a snail-covered altar of Cheibriados.
  6199 | D:6      | Reached skill level 9 in Conjurations
  6353 | D:6      | Noticed a two-headed ogre
  6543 | D:6      | Killed a two-headed ogre
  6543 | D:6      | Reached skill level 10 in Conjurations
  6543 | D:6      | Reached XP level 9. HP: 18/62 MP: 5/15
  6571 | D:6      | Reached skill level 5 in Hexes
  7215 | D:6      | Reached skill level 1 in Fighting
  7350 | D:6      | Found a glowing silver altar of Zin.
  7409 | D:6      | Found a burning altar of Makhleb.
  7414 | D:6      | Found a radiant altar of Vehumet.
  7419 | D:6      | Became a worshipper of Vehumet
  7660 | D:7      | Found an iron altar of Okawaru.
  7704 | D:7      | Noticed Prince Ribbit
  8322 | D:8      | Found a shattered altar of Ashenzari.
  8617 | D:8      | Found a bloodstained altar of Trog.
  8625 | D:8      | Reached * piety under Vehumet
  8625 | D:8      | Offered knowledge of Freeze by Vehumet.
  9311 | D:9      | Reached skill level 5 in Dodging
  9406 | D:9      | Noticed a queen bee
  9763 | D:9      | Found a sacrificial altar of Ru.
  9836 | D:10     | Entered Level 10 of the Dungeon
  9836 | D:10     | Found a shattered altar of Ashenzari.
  9837 | D:10     | Mangled by a yak

Skill      XL: |  1  2  3  4  5  6  7  8  9 |
---------------+----------------------------+-----
Stealth        | 2 |  2.0
Dodging        | 2 5 |  5.7
Spellcasting   | 3 4 |  4.0
Conjurations   | 5 6 7 8 10 | 10.2
Hexes          | 1 3 4 6 |  6.0
Fighting       | 4 |  4.0

Action                   |  1- 3 |  4- 6 |  7- 9 || total
-------------------------+-------+-------+-------++-------
Melee: Unarmed           |    16 |       |       ||    16
       Club              |    41 |       |       ||    41
       Tailslap          |     4 |     2 |    14 ||    20
       Dagger            |    15 |    42 |    37 ||    94
       Hand axe          |       |       |    71 ||    71
 Cast: Magic Dart        |    74 |   121 |   218 ||   413
       Searing Ray       |     1 |    13 |    23 ||    37
       Iskenderun's Myst |       |     2 |    11 ||    13
       Fulminant Prism   |       |       |     1 ||     1
 Abil: Breathe Steam     |       |       |     4 ||     4
  Use: Scroll            |       |     1 |     1 ||     2
       Potion            |       |       |     8 ||     8
 Stab: Sleeping          |     1 |       |       ||     1
  Eat: Chunk             |     4 |     8 |    14 ||    26
       Ration            |       |       |     2 ||     2
Armor: Skin              |    35 |    35 |    67 ||   137
Dodge: Dodged            |    58 |    55 |   118 ||   231
